 Dungeon Crawl Stone Soup version 0.30-a0-772-g5528072125 (webtiles) character file.

Game seed: 16700966708342031910

28301 Crownlay the Geomancer (level 13, -2/80 HPs)
             Began as a Gargoyle Earth Elementalist on Feb 12, 2023.
             Was an Elder of Vehumet.
             Slain by a sun demon (8 damage)
             ... in a volcano.
             The game lasted 00:27:37 (14457 turns).

Crownlay the Geomancer (GrEE)                      Turns: 14457, Time: 00:27:37

Health: -2/80      AC: 22    Str: 13    XL:     13   Next: 38%
Magic:  29/39      EV: 11    Int: 20    God:    Vehumet [****..]
Gold:   917        SH:  0    Dex: 10    Spells: 20/38 levels left

rFire   + . .      SeeInvis .    E - +2 trident (venom)
rCold   . . .      Faith    .    (no shield)
rNeg    + . .      Spirit   .    O - +5 steam dragon scales
rPois   ∞          Reflect  .    (no helmet)
rElec   +          Harm     .    h - +0 cloak
rCorr   .          Rampage  .    C - +0 pair of gloves
Will    .....                    y - +0 pair of boots
Stlth   ++                       H - amulet of magic regeneration
HPRegen 0.33/turn                x - ring of magical power
MPRegen 0.66/turn                b - ring of protection from fire

@: very slightly contaminated
A: sickness immunity, AC +9, negative energy resistance 1, electricity
resistance, torment resistance 1, petrification resistance
a: Renounce Religion


You were in a volcano.
You worshipped Vehumet.
Vehumet was greatly pleased with you.
You visited 3 branches of the dungeon, and saw 14 of its levels.
You also visited: Ice Cave and Volcano.

You collected 917 gold pieces.

Inventory:

Hand Weapons
 E - a +2 trident of venom (weapon)
Missiles
 d - a throwing net
Armour
 h - a +0 cloak (worn)
 y - a +0 pair of boots (worn)
 C - a +0 pair of gloves (worn)
 O - +5 steam dragon scales (worn)
Jewellery
 b - a ring of protection from fire (right hand)
 v - a ring of magical power
 x - a ring of magical power (left hand)
 H - an amulet of magic regeneration (around neck)
 J - a ring of protection from cold
Wands
 j - a wand of paralysis (18)
 q - a wand of acid (14)
 s - a wand of iceblast (8)
 t - a wand of flame (9)
 G - a wand of mindburst (5)
 N - a wand of digging (7)
Scrolls
 c - 9 scrolls of teleportation
 e - a scroll of torment {unknown}
 f - 3 scrolls of fear
 g - 2 scrolls of blinking
 l - 3 scrolls of enchant weapon
 m - 5 scrolls of fog
 p - 2 scrolls of poison
 D - a scroll of magic mapping
Potions
 i - 6 potions of curing
 k - 6 potions of ambrosia
 n - 2 potions of cancellation
 o - 3 potions of attraction {unknown}
 r - a potion of lignification {unknown}
 w - 3 potions of haste
 z - a potion of berserk rage {unknown}
 A - a potion of magic
 B - 3 potions of invisibility
 F - 2 potions of mutation {unknown}
 I - 3 potions of might {unknown}
 K - a potion of brilliance {unknown}
 L - a potion of resistance {unknown}
 M - a potion of heal wounds


   Skills:
 * Level 8.9 Fighting
 - Level 1.5 Dodging
 - Level 2.1 Stealth
 + Level 13.0 Spellcasting
 - Level 8.0 Conjurations
 - Level 6.0 Summonings
 - Level 4.0 Necromancy
 - Level 0.7 Transmutations
 + Level 13.6 Earth Magic


You had 20 spell levels left.
You knew the following spells:

 Your Spells              Type           Power      Damage    Failure   Level
a - Sandblast             Erth           100%       2d20      0%          1
b - Stone Arrow           Conj/Erth      100%       3d13      1%          3
c - Lee's Rapid Deconstr  Erth           30%        3d16*     1%          5
d - Petrify               Tmut/Erth      41%        N/A       2%          4
e - Borgnjor's Vile Clut  Necr/Erth      24%        N/A       3%          5

Your spell library contained the following spells:

 Spells                   Type           Power      Damage    Failure   Level
 Irradiate                Conj/Tmut      15%        3d16      7%          5
 Momentum Strike          Conj/Tloc      58%        3d9       1%          2
 Passwall                 Tmut/Erth      34%        N/A       1%          2
 Leda's Liquefaction      Hex/Erth       20%        N/A       3%          4
 Blink                    Tloc           26%        N/A       8%          2
 Lesser Beckoning         Tloc           26%        N/A       8%          2
 Alistair's Intoxication  Tmut/Pois      9%         N/A       77%         5
 Eringya's Noxious Bog    Tmut/Pois      7%         N/A       82%         6
 Statue Form              Tmut/Erth      Unusable   N/A       N/A         6

Dungeon Overview and Level Annotations

Branches:
Dungeon (10/15)            Temple (1/1) D:4            Lair (3/5) D:10
 Shoals (0/4) Lair:2       Spider (0/4) Lair:3          Orc (0/2) D:9
  IceCv (visited)         Volcano (1/1)

Altars:
Ashenzari
Cheibriados
Dithmenos
Gozag
Hepliaklqana
Kikubaaqudgha
Makhleb
Nemelex Xobeh
Okawaru
Ru
Sif Muna
Trog
Uskayaw
Vehumet
Wu Jian
Xom
Yredelemnul
Zin
The Shining One


Innate Abilities, Weirdness & Mutations

You are immune to sickness and miasma.
Your stone body is resilient. (AC +9)
You are immune to poison.
You resist negative energy. (rN+)
You are resistant to electric shocks. (rElec)
You are resistant to unholy torment.
You are immune to petrification.


Message History

The sun demon is almost dead.
The zombie hands constrict the sun demon!
You kill the sun demon!
Vehumet accepts your kill.
You feel your power returning.
The zombie hands constrict the sun demon!
The sun demon struggles to escape constriction.
The sun demon escapes!
Casting: Sandblast (safe; 0% risk of failure)
Confirm with . or Enter, or press ? or * to list all spells.
Aiming: Sandblast (safe; 0% risk of failure)
Press: ? - help, Shift-Dir - straight line, f - sun demon
Aim: a sun demon (moderately wounded, 82% to hit)
The blast of sand hits the sun demon!
The sun demon is heavily wounded.
The sun demon hits you but does no damage.
The sun demon hits you!
* * * LOW HITPOINT WARNING * * *
You are engulfed in flames.
You resist.
* * * LOW HITPOINT WARNING * * *
Casting: Sandblast (safe; 0% risk of failure)
Confirm with . or Enter, or press ? or * to list all spells.
Aiming: Borgnjor's Vile Clutch (dangerous; 3% risk of failure)
Press: ? - help, Shift-Dir - straight line, f/p - sun demon
Aim: a sun demon (heavily wounded, 100% to hit)
You miscast Borgnjor's Vile Clutch.
You are very lightly contaminated with residual magic.
Nothing appears to happen.
The sun demon hits you but does no damage.
Casting: Borgnjor's Vile Clutch (dangerous; 3% risk of failure)
Confirm with . or Enter, or press ? or * to list all spells.
Aiming: Borgnjor's Vile Clutch (dangerous; 3% risk of failure)
Press: ? - help, Shift-Dir - straight line, f/p - sun demon
Aim: a sun demon (heavily wounded, 100% to hit)
Zombie hands grab the sun demon.
The zombie hands constrict the sun demon.
The sun demon hits you.
* * * LOW HITPOINT WARNING * * *
You are engulfed in flames!
You resist.
You die...

##.....§...... #..
#≈....§#...... #8.
##......≈...... #...
##..§..###...... #....
#..§..## ##..... #...†#
#.....### ##.... #....#
##§.§..≈# #≈...
#....####§.##§≈§# #....
#....3@.....§§.####....
##....#.##.≈.§.§§≈.....
###....§..#§.§.§......
###......§§§........
#####..#§#...#..##
#############


You could see a sun demon (clutched).

Vanquished Creatures
  A hydra (Lair:2)
  A catoblepas (Lair:2)
  A boulder beetle (Lair:2)
  A two-headed ogre (D:9)
  2 sun demons (Volcano)
  2 ugly things (IceCv)
  A black mamba (Lair:1)
  3 ice statues (IceCv)
  2 smoke demons (Volcano)
  A water nymph (Lair:2)
  A gargoyle (D:10)
  9 cane toads
  A kobold demonologist (D:6)
  3 komodo dragons
  2 rime drakes (Lair:2)
  3 polar bears (Lair:2)
  2 trolls
  A queen bee (Lair:1)
  11 blink frogs
  7 dream sheep (Lair:2)
  Grinder (D:4)
  A dire elephant simulacrum (IceCv)
  Sigmund (D:4)
  2 wyverns
  3 vampires
  16 yaks
  Grum (D:8)
  A basilisk (Lair:1)
  Eustachio (D:6)
  3 steam dragons
  Edmund (D:6)
  Menkaure (D:4)
  2 harpy simulacra (IceCv)
  2 wargs (D:10)
  9 water moccasins
  Duvessa (D:4)
  4 hell hounds (Volcano)
  8 orc warriors
  4 black bears
  3 sky beasts
  6 wolves
  An ogre (D:6)
  3 centaurs
  3 phantoms
  2 kobold brigands (D:6)
  Blork the orc (D:5)
  4 bullfrogs
  2 necrophages
  4 scorpions
  2 cane toad simulacra (IceCv)
  7 wights
  Dowan (D:4)
  35 killer bees
  2 elephant simulacra (IceCv)
  2 howler monkeys
  7 hounds
  Crazy Yiuf (D:5)
  7 orc priests
  Ijyb (D:5)
  3 iguanas (D:5)
  Natasha (thrice) (D:3)
  8 orc wizards
  4 gnolls
  7 adders
  13 white imps
  2 worms (D:2)
  A dart slug (D:4)
  36 orcs
  5 endoplasms
  4 hobgoblins
  2 jackals (D:2)
  16 kobolds
  5 quokkas
  3 ball pythons
  5 bats
  3 frilled lizards
  6 goblins
  4 rats
  A spectral hobgoblin (D:9)
342 creatures vanquished.

Vanquished Creatures (others)
  8 plants
8 creatures vanquished.

Grand Total: 350 creatures vanquished

Notes
Turn   | Place    | Note
-------+----------+-------------------------------------------
     0 | D:1      | Crownlay the Gargoyle Earth Elementalist began the quest
                  | for the Orb.
     0 | D:1      | Reached XP level 1. HP: 10/10 MP: 3/3
   531 | D:1      | Reached XP level 2. HP: 15/15 MP: 3/5
   998 | D:2      | Reached XP level 3. HP: 13/19 MP: 2/7
  1848 | D:3      | Found a glowing silver altar of Zin.
  2116 | D:3      | Reached XP level 4. HP: 24/24 MP: 3/9
  2218 | D:3      | Found an ornate altar of the Wu Jian Council.
  2391 | D:3      | Noticed Natasha
  2394 | D:3      | Killed Natasha
  2656 | D:3      | Reached XP level 5. HP: 28/28 MP: 8/11
  3071 | D:3      | Noticed Natasha
  3198 | D:3      | Killed Natasha
  3199 | D:3      | Reached skill level 5 in Earth Magic
  3286 | D:3      | Noticed Natasha
  3299 | D:3      | Killed Natasha
  3355 | D:4      | Reached XP level 6. HP: 21/32 MP: 3/13
  3372 | D:3      | Reached skill level 5 in Spellcasting
  3610 | D:4      | Found a staircase to the Ecumenical Temple.
  3619 | Temple   | Entered the Ecumenical Temple
  3648 | Temple   | Became a worshipper of Vehumet
  3678 | D:4      | Learned a level 3 spell: Stone Arrow
  3787 | D:4      | Reached XP level 7. HP: 27/36 MP: 7/15
  4277 | D:4      | Noticed Grinder
  4283 | D:4      | Noticed Duvessa
  4300 | D:4      | Noticed Menkaure
  4303 | D:4      | Killed Menkaure
  4361 | D:4      | Killed Grinder
  4435 | D:4      | Learned a level 5 spell: Lee's Rapid Deconstruction
  4457 | D:5      | Entered Level 5 of the Dungeon
  4516 | D:5      | Reached XP level 8. HP: 37/41 MP: 13/18
  4559 | D:5      | Found a burning altar of Makhleb.
  4740 | D:5      | Noticed Blork the orc
  4749 | D:5      | Killed Blork the orc
  4920 | D:5      | Noticed Ijyb
  4925 | D:5      | Killed Ijyb
  4927 | D:5      | Reached * piety under Vehumet
  4927 | D:5      | Offered knowledge of Kiss of Death by Vehumet.
  5058 | D:5      | Found a runed translucent door.
  5059 | D:5      | Noticed Crazy Yiuf
  5406 | D:5      | Killed Crazy Yiuf
  5504 | D:4      | Noticed Dowan
  5506 | D:4      | Noticed Sigmund
  5511 | D:4      | Killed Duvessa
  5514 | D:4      | Killed Sigmund
  5515 | D:4      | Reached XP level 9. HP: 26/45 MP: 12/21
  5519 | D:4      | Killed Dowan
  6080 | D:6      | Noticed Edmund
  6087 | D:6      | Killed Edmund
  6174 | D:6      | Noticed a troll
  6177 | D:6      | Killed a troll
  6264 | D:6      | Noticed a kobold demonologist
  6270 | D:6      | Killed a kobold demonologist
  6365 | D:6      | Noticed Eustachio
  6369 | D:6      | Killed Eustachio
  6527 | D:6      | Identified the +1 hand axe "Ciophecw" {venom, Str+3}
  6621 | D:6      | Reached skill level 1 in Conjurations
  6652 | D:6      | Reached skill level 1 in Summonings
  6682 | D:6      | Found an ancient bone altar of Kikubaaqudgha.
  6699 | D:6      | Found an opulent altar of Gozag.
  6702 | D:6      | Reached skill level 1 in Necromancy
  6714 | D:6      | Reached skill level 10 in Spellcasting
  7202 | D:7      | Reached XP level 10. HP: 50/50 MP: 24/24
  7642 | D:7      | Reached skill level 10 in Earth Magic
  7770 | D:7      | Found the amulet of Elemental Vulnerability {rPois rF--
                  | rC-- AC+8}
  7920 | D:7      | Learned a level 4 spell: Petrify
  8186 | D:8      | Offered knowledge of Freeze by Vehumet.
  8410 | D:8      | Noticed Grum
  8415 | D:8      | Killed Grum
  8415 | D:8      | Reached ** piety under Vehumet
  9180 | D:9      | Noticed a two-headed ogre
  9187 | D:9      | Killed a two-headed ogre
  9348 | D:9      | Offered knowledge of Hailstorm by Vehumet.
  9349 | D:9      | Reached XP level 11. HP: 24/54 MP: 26/26
  9510 | D:9      | Reached *** piety under Vehumet
  9727 | D:9      | Offered knowledge of Mephitic Cloud by Vehumet.
 10200 | D:9      | Found a staircase to the Orcish Mines.
 10308 | D:9      | Found a hazy altar of Hepliaklqana.
 10333 | D:10     | Entered Level 10 of the Dungeon
 10346 | D:10     | Reached skill level 5 in Conjurations
 10361 | D:10     | Reached **** piety under Vehumet
 10457 | D:10     | Found an iron altar of Okawaru.
 10462 | D:10     | Found a sacrificial altar of Ru.
 10535 | D:10     | Learned a level 5 spell: Borgnjor's Vile Clutch
 10617 | D:10     | Found a staircase to the Lair.
 10687 | D:10     | Found a basalt altar of Yredelemnul.
 10968 | Lair:1   | Entered Level 1 of the Lair of Beasts
 11127 | Lair:1   | Offered knowledge of Irradiate by Vehumet.
 11138 | Lair:1   | Found a frozen archway.
 11148 | IceCv    | Entered an ice cave
 11207 | IceCv    | Noticed a white ugly thing
 11217 | IceCv    | Killed a white ugly thing
 11476 | IceCv    | Reached skill level 1 in Fighting
 11488 | IceCv    | Noticed a white ugly thing
 11495 | IceCv    | Killed a white ugly thing
 11626 | IceCv    | Identified the +2 chain mail of Wasted Space {rPois Will+
                  | Str+3 Dex-3}
 11690 | Lair:1   | Reached XP level 12. HP: 58/63 MP: 28/28
 12247 | Lair:1   | Reached skill level 5 in Summonings
 12260 | Lair:1   | Reached skill level 5 in Fighting
 13110 | Lair:2   | Noticed a six-headed hydra
 13110 | Lair:2   | Noticed a catoblepas
 13129 | Lair:2   | Killed a six-headed hydra
 13131 | Lair:2   | Killed a catoblepas
 13180 | Lair:2   | Reached XP level 13. HP: 76/76 MP: 29/29
 14150 | Lair:3   | Found a dark tunnel.
 14160 | Volcano  | Entered a volcano
 14457 | Volcano  | Slain by a sun demon

Illustrated notes

Levels and vault maps discovered:
D:1:      roderic_octagonal_star, layout_basic, minmay_parallelograms,
          minmay_fountain_box, chequers_serial_rivers_room_a,
          minmay_misc_feat_hallway, minmay_tetromino_s4
D:2:      layout_loops_cross, minmay_misc_feat_tiny
D:3:      minmay_door_path, layout_basic, mainiacjoe_overflow_chevrons,
          pdpol_wu_jian_five_deadly_venoms, small_statue_intersection,
          serial_bayou_crossing, uniq_natasha
D:4:      kennysheep_spiral_hall, layout_loops_corners,
          minmay_temple_entry_overgrown, minmay_cut_off, uniq_grinder,
          uniq_sigmund, uniq_duvessa, uniq_menkaure
D:5:      layout_loops_ring, mainiacjoe_overflow_cross_hatched, uniq_ijyb,
          uniq_blork_the_orc, uniq_crazy_yiuf_cottage
D:6:      layout_basic, mainiacjoe_overflow_big_doors, uniq_eustachio,
          uniq_edmund
D:7:      layout_basic
D:8:      layout_loops_corners, nzn_life_drinkers, uniq_grum
D:9:      layout_big_octagon, nicolae_hepliaklqana_monster_ancestors,
          david_orc_4, st_stairs_4
D:10:     layout_rooms, grunt_temple_overflow_open,
          mainiacjoe_overflow_alcove_4, erik_lair_orcish_takeover,
          chequers_garden
Temple:   compressed_dpeg_triangle_lava_temple
Lair:1:   layout_roguey [special_room_bee], portal_ice_cave_entry_imps,
          st_stairs_13, hibernation_bobbens
Lair:2:   layout_cave_pods, nicolae_shoals_entry_flooding, st_stairs_11
Lair:3:   layout_loops_ring, hellmonk_spider_entry_life_and_decay,
          lightli_volcano_entry_magma_tube, roderic_carrion_pond
Volcano:  hellmonk_smoking_crater

Skill      XL: |  1  2  3  4  5  6  7  8  9 10 11 12 13 |
---------------+----------------------------------------+-----
Earth Magic    | 4 5 6 7 8 9 10 12 13 | 13.6
Spellcasting   | 3 4 5 6 8 10 11 12 13 | 13.0
Conjurations   | 2 4 6 8 |  8.0
Summonings     | 1 3 4 5 6 |  6.0
Necromancy     | 1 3 4 |  4.0
Fighting       | 2 7 8 |  8.9
Dodging        | |  1.5
Stealth        | |  2.1
Transmutations | |  0.7

Action                     |  1- 3 |  4- 6 |  7- 9 | 10-12 | 13-15 || total
---------------------------+-------+-------+-------+-------+-------++-------
  Melee: Unarmed           |     4 |     1 |       |       |       ||     5
         Short sword       |       |       |       |     1 |       ||     1
         Trident           |       |       |       |     4 |       ||     4
   Cast: Sandblast         |    54 |    56 |   122 |   300 |    60 ||   592
         Lee's Rapid Decon |       |       |     3 |    47 |       ||    50
         Stone Arrow       |       |       |     6 |    23 |    11 ||    40
         Petrify           |       |       |       |     8 |       ||     8
         Borgnjor's Vile C |       |       |       |    13 |    17 ||    30
    Use: Potion            |       |     1 |       |     4 |       ||     5
         Scroll            |       |       |     6 |     9 |     6 ||    21
 Armour: Robe              |    17 |     9 |    19 |   148 |    18 ||   211
         Steam dragon scal |       |       |       |       |     5 ||     5
  Dodge: Dodged            |    26 |    15 |    34 |   147 |    33 ||   255

Table legend: (Time is in decaauts)
 A = Elapsed time spent in this place.
 B = Non-inter-level travel time spent in this place.
 C = Inter-level travel time spent in this place.
 D = Time resting spent in this place.
 E = Time spent auto-exploring this place.
 F = Levels seen in this place.
 G = Mean time per level.
                   A        B        C        D        E       F      G
               +--------+--------+--------+--------+--------+-----+--------+
         Total |  14768 |  14063 |    705 |    131 |  11521 |  16 |  923.0 |
       Dungeon |  11272 |  10645 |    627 |    131 |   8936 |  10 | 1127.2 |
        Temple |     42 |     30 |     12 |      0 |     14 |   1 |   42.0 |
          Lair |   2621 |   2556 |     65 |      0 |   2051 |   3 |  873.7 |
      Ice Cave |    520 |    520 |      0 |      0 |    332 |   1 |  520.0 |
       Volcano |    311 |    311 |      0 |      0 |    188 |   1 |  311.0 |
               +--------+--------+--------+--------+--------+-----+--------+

Top non-repeatable levels by time:
     D:3: 1777 daAuts
     D:4: 1487 daAuts
  Lair:2: 1474 daAuts
     D:8: 1394 daAuts
     D:6: 1130 daAuts
  Lair:1: 1094 daAuts
     D:5: 1089 daAuts
     D:9: 1065 daAuts
     D:2: 924 daAuts
     D:1: 824 daAuts
    D:10: 794 daAuts
     D:7: 783 daAuts
   IceCv: 520 daAuts
 Volcano: 311 daAuts
  Lair:3: 52 daAuts
